 Dungeon Crawl Stone Soup version 0.29-a0-997-gf6f7e2dfe7 (webtiles) character file.

Game seed: 12277855318734795235

1922 gelatine the Chopper (level 8, -1/60 HPs)
             Began as a Demonspawn Gladiator on Aug 4, 2022.
             Was an Initiate of Qazlal.
             Slain by a boulder beetle (16 damage)
             ... on level 6 of the Dungeon.
             The game lasted 00:13:42 (3807 turns).

gelatine the Chopper (Demonspawn Gladiator)         Turns: 3807, Time: 00:13:43

Health: -1/60      AC:  9    Str: 23    XL:     8   Next: 96%
Magic:  12/12      EV: 16    Int:  9    God:    Qazlal [......]
Gold:   351        SH:  0    Dex: 15    Spells: 12/13 levels left

rFire   . . .      SeeInvis .   i - +5 hand axe of the Hurtling Priest {venom, rC+ Str+6}
rCold   + . .      Faith    .   s - orb {light}
rNeg    . . .      Spirit   .   m - +0 ring mail
rPois   .          Reflect  .   c - +0 helmet
rElec   .          Harm     .   w - +0 cloak
rCorr   .          Rampage  .   y - +0 pair of gloves
Will    .....                   (no boots)
Stlth   +.........              v - amulet of regeneration
HPRegen 1.00/turn               r - ring of wizardry
MPRegen 0.13/turn               u - +4 ring of evasion

@: glowing
A: demonic guardian 2, spiny 2, weakness stinger 2
a: Renounce Religion


You were on level 6 of the Dungeon.
You worshipped Qazlal.
Qazlal was noncommittal.
You visited 1 branch of the dungeon, and saw 6 of its levels.

You collected 351 gold pieces.

Inventory:

Hand Weapons
 a - a +0 war axe
 i - the +5 hand axe of the Hurtling Priest (weapon) {venom, rC+ Str+6}
   (You found it on level 2 of the Dungeon)

   It poisons the flesh of those it strikes.
   Str:       It affects your strength (+6).
   rC:        It protects you from cold.
Missiles
 d - 3 throwing nets (quivered)
 e - a javelin
 p - 17 poisoned darts
 x - 4 atropa-tipped darts
Armour
 b - a +0 leather armour
 c - a +0 helmet (worn)
 j - a +0 scale mail
 m - a +0 ring mail (worn)
 s - an orb of light (worn)
 w - a +0 cloak (worn)
 y - a +0 pair of gloves (worn)
 B - a +1 hat
 G - a +2 robe
Jewellery
 r - a ring of wizardry (left hand)
 u - a +4 ring of evasion (right hand)
 v - an amulet of regeneration (around neck)
 K - an amulet of the acrobat
Wands
 z - a wand of paralysis (14)
Scrolls
 f - a scroll of amnesia
 k - 3 scrolls of enchant armour {unknown}
 l - a scroll of immolation
 t - 2 scrolls of summoning
 A - a scroll of vulnerability
 D - 2 scrolls of noise {unknown}
 E - 2 scrolls of poison {unknown}
 F - 2 scrolls of teleportation {unknown}
Potions
 g - 4 potions of flight {unknown}
 h - 3 potions of haste {unknown}
 n - a potion of invisibility
 o - 2 potions of resistance
 q - 4 potions of mutation
 C - a potion of lignification
 H - a potion of degeneration {unknown}
 I - a potion of heal wounds {unknown}
 J - 2 potions of ambrosia {unknown}


   Skills:
 + Level 3.9 Fighting
 + Level 7.4 Axes
 + Level 2.1 Throwing
 + Level 3.9 Armour
 + Level 3.8 Dodging
 + Level 1.7 Stealth
 * Level 3.0 Spellcasting
 * Level 3.8 Summonings


You had 12 spell levels left.
You knew the following spells:

 Your Spells              Type           Power      Damage    Failure   Level
a - Summon Small Mammal   Summ           32%        N/A       4%          1

Your spell library contained the following spells:

 Spells                   Type           Power      Damage    Failure   Level
 Call Canine Familiar     Summ           8%         N/A       12%         3
 Sandblast                Erth           2%         2d4       17%         1
 Summon Guardian Golem    Hex/Summ       4%         N/A       24%         3
 Passwall                 Tmut/Erth      0%         N/A       26%         2
 Scorch                   Fire           2%         2d5       26%         2
 Stone Arrow              Conj/Erth      2%         3d7       45%         3
 Flame Wave               Conj/Fire      1%         2d4       85%         4
 Summon Cactus Giant      Summ           4%         N/A       99%         6


Dungeon Overview and Level Annotations

Branches:
Dungeon (6/15)             Temple (0/1) D:5

Altars:
Cheibriados
Makhleb
Qazlal
Wu Jian
Yredelemnul

Shops:
D:5 (


Innate Abilities, Weirdness & Mutations

A demonic guardian rushes to your aid.
You are mostly covered in sharp spines.
You have a tail ending in a sharp stinger.


Message History

The water moccasin is moderately wounded.
You hit the steam dragon.
The steam dragon is poisoned.
You hear an angry hiss.
The water moccasin misses you. The orc warrior misses you.
The steam dragon closely misses you. The steam dragon barely misses you.
You slash the steam dragon!
The steam dragon is heavily wounded.
You hit the water moccasin.
An adder comes into view.
The water moccasin is struck by your spines.
The water moccasin barely misses you.
Unknown command.
You hit the steam dragon but do no damage.
You tail-slap the steam dragon.
The steam dragon is severely wounded.
You hit the water moccasin.
The water moccasin is struck by your spines.
You kill the water moccasin!
Qazlal accepts your kill. The orc warrior closely misses you.
Your Spellcasting skill increases to level 3!
You hit the boulder beetle.
The boulder beetle is poisoned.
The boulder beetle is lightly wounded.
The orc warrior hits you from afar with a +0 trident!
You slash the boulder beetle!
The boulder beetle looks as sick as possible!
The boulder beetle is moderately wounded.
You hit the adder.
The adder is poisoned.
The boulder beetle bites you!
A demonic guardian appears!
The orc warrior misses you. The adder is struck by your spines.
The adder barely misses you.
You hit the adder.
The adder is severely wounded.
You hit the boulder beetle but do no damage.
The boulder beetle looks as sick as possible!
The adder bites you but does no damage. The boulder beetle bites you!!
* * * LOW HITPOINT WARNING * * *
The orc warrior closely misses you.
The boulder beetle attacks as you move away!
The boulder beetle bites you!
You die...

#######
#.....#############
#.....#.#.#...#.#.#
#.....##.#..#..#.##
#.....#.#).###..#.#
#.....##..##.##..##
#.....#..##...##..#
#.......##..!.DB..#
##....#..##...##@.#
##....##..##. #S.##
......# #..# #.o#4
......# #..#..# ##
......# #...#
......# ####
.......# .......#
.##....#


You could see a boulder beetle (extremely poisoned), a steam dragon (very
poisoned), an orc warrior, an adder (very poisoned, ally target) and a friendly
hellwing (summoned).

Vanquished Creatures
  Pikel (D:5)
  An unseen horror (D:6)
  Sigmund (D:2)
  A water moccasin (D:6)
  2 black bears
  3 ogres (D:5)
  A phantom (D:3)
  2 bullfrogs
  A scorpion (D:5)
  A howler monkey (D:5)
  A hound (D:5)
  An orc priest (D:4)
  A jelly (D:6)
  6 adders
  3 gnolls (D:5)
  A shadow imp (D:6)
  A white imp (D:5)
  A worm (D:3)
  10 orcs
  3 ball pythons
  3 endoplasms
  4 giant cockroaches
  5 goblins
  10 hobgoblins
  4 jackals (D:1)
  13 kobolds
  4 quokkas
  6 bats
  4 frilled lizards
  5 rats
100 creatures vanquished.

Vanquished Creatures (collateral kills)
  A ball python (D:4)
1 creature vanquished.

Grand Total: 101 creatures vanquished

Notes
Turn   | Place    | Note
-------+----------+-------------------------------------------
     0 | D:1      | gelatine the Demonspawn Gladiator began the quest for the
                  | Orb.
     0 | D:1      | Reached XP level 1. HP: 16/16 MP: 1/1
   276 | D:1      | You fall into a shaft and drop 1 floor!
   299 | D:2      | Identified the +5 hand axe of the Hurtling Priest {venom,
                  | rC+ Str+6}
   443 | D:2      | Gained mutation: You are partially covered in sharp spines.
                  | [demonic ancestry]
   443 | D:2      | Reached XP level 2. HP: 22/22 MP: 2/2
   641 | D:1      | Reached skill level 3 in Axes
   647 | D:1      | Reached XP level 3. HP: 27/27 MP: 3/3
  1330 | D:2      | Found a faded altar of an unknown god.
  1333 | D:2      | Noticed Sigmund
  1340 | D:2      | Killed Sigmund
  1341 | D:2      | Reached skill level 4 in Axes
  1341 | D:2      | Reached skill level 1 in Armour
  1341 | D:2      | Gained mutation: You have a small tail. [demonic ancestry]
  1341 | D:2      | Reached XP level 4. HP: 31/34 MP: 4/4
  1341 | D:2      | Gained mutation: A weak demonic guardian rushes to your
                  | aid. [demonic ancestry]
  1341 | D:2      | Reached XP level 5. HP: 35/39 MP: 5/5
  1743 | D:3      | Gained mutation: A demonic guardian rushes to your aid.
                  | [demonic ancestry]
  1743 | D:3      | Reached XP level 6. HP: 46/46 MP: 6/6
  2045 | D:3      | Reached skill level 5 in Axes
  2396 | D:4      | Learned a level 1 spell: Summon Small Mammal
  2698 | D:4      | Found a snail-covered altar of Cheibriados.
  2785 | D:5      | Entered Level 5 of the Dungeon
  2861 | D:5      | Found a stormy altar of Qazlal.
  2881 | D:5      | Reached skill level 1 in Summonings
  2881 | D:5      | Gained mutation: You have a tail ending in a sharp stinger.
                  | [demonic ancestry]
  2881 | D:5      | Reached XP level 7. HP: 51/51 MP: 6/8
  2926 | D:5      | Found a burning altar of Makhleb.
  2962 | D:5      | Reached skill level 1 in Spellcasting
  3110 | D:5      | Reached skill level 6 in Axes
  3222 | D:5      | Found Jypt's Weapon Shop.
  3249 | D:5      | Gained mutation: You are mostly covered in sharp spines.
                  | [demonic ancestry]
  3249 | D:5      | Reached XP level 8. HP: 58/58 MP: 10/10
  3260 | D:5      | Found a basalt altar of Yredelemnul.
  3302 | D:5      | Found a staircase to the Ecumenical Temple.
  3373 | D:5      | Noticed Pikel
  3384 | D:5      | Killed Pikel
  3385 | D:5      | Reached skill level 1 in Stealth
  3561 | D:5      | Became a worshipper of Qazlal Stormbringer
  3664 | D:6      | Found an ornate altar of the Wu Jian Council.
  3678 | D:6      | Reached skill level 7 in Axes
  3775 | D:6      | Noticed an unseen horror
  3783 | D:6      | Killed an unseen horror
  3800 | D:6      | Noticed a boulder beetle
  3807 | D:6      | Slain by a boulder beetle

Illustrated notes

Levels and vault maps discovered:
D:1:      minmay_arrival_four_loops, layout_rooms, minmay_cupped
D:2:      layout_basic, shapermc_ecumenical_altar_starsandcircs, uniq_sigmund
D:3:      layout_basic, kennysheep_generic_room_3
D:4:      layout_basic, cheibriados_altar_1
D:5:      layout_loops_cross, nicolae_overflow_crystal_walls,
          mainiacjoe_overflow_paths, lightli_temple_of_fire,
          minmay_temple_entry_statues_pillars, serial_shops,
          nicolae_shop_bloodbath_and_beyond, uniq_pikel
D:6:      minmay_diamond_boxcup, layout_gridville, nicolae_wu_jian_wuxing_cycle,
          minmay_mini_ossuary, uniq_grinder

Skill      XL: |  1  2  3  4  5  6  7  8 |
---------------+-------------------------+-----
Dodging        | 3 |  3.8
Throwing       | 2 |  2.1
Axes           | 3 4 5 6 7 |  7.4
Armour         | 1 2 3 |  3.9
Summonings     | 1 2 3 |  3.8
Fighting       | 3 |  3.9
Spellcasting   | 1 3 |  3.0
Stealth        | 1 |  1.7

Action                   |  1- 3 |  4- 6 |  7- 9 || total
-------------------------+-------+-------+-------++-------
Melee: War axe           |    10 |       |       ||    10
       Hand axe          |    39 |    48 |    60 ||   147
       Tailslap          |       |     3 |     9 ||    12
Throw: Throwing net      |     1 |     1 |       ||     2
 Cast: Summon Small Mamm |       |     4 |       ||     4
  Use: Scroll            |       |     5 |     3 ||     8
Armor: Leather armour    |     4 |       |       ||     4
       Ring mail         |    15 |    13 |     7 ||    35
Dodge: Dodged            |    38 |    29 |    43 ||   110

Table legend: (Time is in decaauts)
 A = Elapsed time spent in this place.
 B = Non-inter-level travel time spent in this place.
 C = Inter-level travel time spent in this place.
 D = Time resting spent in this place.
 E = Time spent auto-exploring this place.
 F = Levels seen in this place.
 G = Mean time per level.
                   A        B        C        D        E       F      G
               +--------+--------+--------+--------+--------+-----+--------+
         Total |   3814 |   3721 |     93 |      0 |   2862 |   6 |  635.7 |
       Dungeon |   3814 |   3721 |     93 |      0 |   2862 |   6 |  635.7 |
               +--------+--------+--------+--------+--------+-----+--------+

Top non-repeatable levels by time:
     D:2: 998 daAuts
     D:5: 840 daAuts
     D:1: 710 daAuts
     D:3: 567 daAuts
     D:4: 517 daAuts
     D:6: 180 daAuts
